 Dungeon Crawl Stone Soup version 0.26-a0-52-gd53d4cd (webtiles) character file.

Game seed: 3740797910171871151

9851 thirtiethelement the Blocker (level 11, -1/89 HPs)
             Began as a Gnoll Fighter on June 7, 2020.
             Was a High Priest of Okawaru.
             Slain by a white ugly thing (12 damage)
             ... on level 11 of the Dungeon.
             The game lasted 00:24:26 (12780 turns).

thirtiethelement the Blocker (Gnoll Fighter)       Turns: 12780, Time: 00:24:27

Health: -1/89      AC: 16    Str: 21    XL:     11   Next: 52%
Magic:  20/20      EV: 14    Int: 12    God:    Okawaru [*****.]
Gold:   467        SH: 10    Dex: 18    Spells: 22/22 levels left

rFire    . . .     SeeInvis +   a - +3 war axe
rCold    . . .     Gourm    .   E - +3 buckler of the Tarantula {rN+ MR+ Dex+4}
rNeg     + . .     Faith    .   b - +0 scale mail
rPois    .         Spirit   .   (no helmet)
rElec    .         Reflect  .   d - +2 cloak
rCorr    .         Harm     .   H - +0 pair of gloves
MR       +....                  l - +2 pair of boots
Stlth    ++........             (no amulet)
HPRegen  0.24/turn              r - ring of see invisible
MPRegen  0.17/turn              (no ring)

@: no status effects
A: distributed training, fangs 1, strong nose
a: Heroism, Finesse, Renounce Religion


You were on level 11 of the Dungeon.
You worshipped Okawaru.
Okawaru was extremely pleased with you.
You were not hungry.

You visited 2 branches of the dungeon, and saw 12 of its levels.
You also visited: Ossuary.

You collected 642 gold pieces.
You spent 175 gold pieces at shops.

Inventory:

Hand Weapons
 a - a +3 war axe (weapon)
Missiles
 p - 22 boomerangs (quivered)
Armour
 b - a +0 scale mail (worn)
 c - a +0 kite shield
 d - a +2 cloak (worn)
 l - a +2 pair of boots (worn)
 E - the +3 buckler of the Tarantula (worn) {rN+ MR+ Dex+4}
   (You found it on level 9 of the Dungeon)

   It affects your dexterity (+4).
   It protects you from negative energy.
   It affects your resistance to hostile enchantments.
 H - a +0 pair of gloves (worn)
Jewellery
 r - a ring of see invisible (left hand)
Wands
 v - a wand of paralysis (21)
 y - a wand of flame (24)
 B - a wand of acid (4)
Scrolls
 m - 3 scrolls of teleportation
 q - a scroll of fog
 s - a scroll of amnesia
 u - 3 scrolls of remove curse
 F - a scroll of magic mapping
Potions
 e - 2 potions of magic
 g - 6 potions of haste
 h - 6 potions of heal wounds
 i - 5 potions of curing
 k - 4 potions of ambrosia
 n - 2 potions of flight
 t - a potion of resistance
 w - a potion of stabbing
 x - a potion of mutation {unknown}
 z - a potion of might
 A - 3 potions of lignification
 C - 3 potions of berserk rage
Comestibles
 f - 17 rations


   Skills:
 + Level 9.1 Fighting
 + Level 6.2 Short Blades
 + Level 6.2 Long Blades
 + Level 7.8 Axes
 + Level 6.2 Maces & Flails
 + Level 6.2 Polearms
 + Level 6.2 Staves
 + Level 6.2 Slings
 + Level 6.2 Bows
 + Level 6.2 Crossbows
 + Level 6.2 Throwing
 + Level 9.1 Armour
 + Level 6.2 Dodging
 + Level 6.2 Stealth
 + Level 9.1 Shields
 + Level 6.2 Unarmed Combat
 + Level 6.2 Spellcasting
 + Level 5.2 Conjurations
 + Level 5.2 Hexes
 + Level 5.2 Charms
 + Level 5.2 Summonings
 + Level 5.2 Necromancy
 + Level 5.2 Translocations
 + Level 5.2 Transmutations
 + Level 5.2 Fire Magic
 + Level 5.2 Ice Magic
 + Level 5.2 Air Magic
 + Level 5.2 Earth Magic
 + Level 5.2 Poison Magic
 + Level 6.9 Invocations
 + Level 6.2 Evocations


You had 22 spell levels left.
You didn't know any spells.
Your spell library was empty.

Dungeon Overview and Level Annotations

Branches:
Dungeon (11/15)            Temple (1/1) D:5            Lair (0/6) D:9
    Orc (0/2) D:10        Ossuary (visited)

Altars:
Ashenzari
Cheibriados
Dithmenos
Elyvilon
Fedhas
Gozag
Hepliaklqana
Kikubaaqudgha
Makhleb
Nemelex Xobeh
Okawaru
Qazlal
Ru
Sif Muna
Trog
Uskayaw
Vehumet
Wu Jian
Xom
Yredelemnul
Zin
The Shining One

Shops:
D:4 ?   D:9 :   D:10 }

Annotations:
D:6 Prince Ribbit


Innate Abilities, Weirdness & Mutations

Your experience applies equally to all skills.
You have very sharp teeth.
Your uncanny sense of smell can sniff out nearby items.


Message History

You bite the white ugly thing.
The white ugly thing is moderately wounded.
A green ugly thing comes into view.
The white ugly thing is engulfed in poison gas.
The white ugly thing looks as sick as possible!
The white ugly thing punches you but does no damage.
You closely miss the white ugly thing.
The white ugly thing is moderately wounded.
The white ugly thing is engulfed in poison gas.
The white ugly thing looks as sick as possible!
The white ugly thing punches you! The white ugly thing freezes you!!
The green ugly thing gurgles horribly!
The white ugly thing is engulfed in poison gas.
The white ugly thing looks as sick as possible!
You slash the white ugly thing!
The white ugly thing is severely wounded.
The white ugly thing punches you! The white ugly thing freezes you!!
* * * LOW HITPOINT WARNING * * *
The white ugly thing punches you!
You die...

#.# #.# #.# #.# #.#
#### #.# ...
#######.##
..####.######........#
....u§§u@...>........#
...§§§§######.####...#
...§§§. ..# #.#..#...#
...#§## #.# #.#..#...#
.. #. #.# #.#..#...##
. # #.# #.#.......#
#.# #.##.#.#.## #.#
#....#.#.#
.#######.########.#.#


You could see 2 ugly things.

Vanquished Creatures
  2 two-headed ogres
  2 ugly things (D:11)
  The ghost of felt the Charmwright, a novice GnSk (D:5)
  Psyche (D:8)
  2 trolls (D:10)
  Grinder (D:6)
  Sigmund (D:6)
  A wyvern (D:8)
  Eustachio (D:5)
  8 yaks
  2 hogs (D:8)
  A basilisk (D:8)
  A hungry ghost (D:9)
  A human (D:8)
  Menkaure (D:4)
  Edmund (D:3)
  Duvessa (D:6)
  4 orc warriors
  2 ice beasts
  A sky beast (D:8)
  3 ogres
  2 phantoms
  8 centaurs
  A big kobold (D:9)
  Blork the orc (D:5)
  6 bullfrogs
  Dowan (D:6)
  3 scorpions
  2 howler monkeys (D:8)
  2 crimson imps (D:5)
  4 hounds
  A bullfrog zombie (D:7)
  2 jellies
  8 orc priests
  A gnoll shaman (D:4)
  9 orc wizards
  3 bullfrog skeletons
  Jessica (D:2)
  2 iguanas (D:5)
  Ijyb (D:4)
  5 worker ants
  5 mummies
  A howler monkey zombie (D:5)
  5 gnolls (D:4)
  8 adders
  2 oozes
  3 adder zombies
  2 adder skeletons (D:4)
  A worm (D:4)
  5 dart slugs
  10 leopard geckos
  30 orcs
  6 bats
  7 giant cockroaches
  6 gnoll zombies (Ossuary)
  7 goblins
  10 hobgoblins
  A jackal (D:5)
  4 quokkas
  2 ball pythons
  3 frilled lizards
  2 gnoll skeletons (Ossuary)
  5 goblin skeletons (Ossuary)
  5 goblin zombies (Ossuary)
  4 hobgoblin skeletons (Ossuary)
  2 hobgoblin zombies (Ossuary)
  16 kobolds
  3 kobold skeletons (Ossuary)
  3 kobold zombies (Ossuary)
  4 orc skeletons (Ossuary)
  3 orc zombies (Ossuary)
  10 rats
  4 rat skeletons (Ossuary)
  5 rat zombies (Ossuary)
285 creatures vanquished.

Vanquished Creatures (others)
  A goblin zombie (Ossuary)
  A hobgoblin skeleton (Ossuary)
  A kobold skeleton (Ossuary)
  An orc skeleton (Ossuary)
4 creatures vanquished.

Grand Total: 289 creatures vanquished

Notes
Turn   | Place    | Note
-------+----------+-------------------------------------------
     0 | D:1      | thirtiethelement the Gnoll Fighter began the quest for the
                  | Orb.
     0 | D:1      | Reached XP level 1. HP: 23/23 MP: 1/1
    73 | D:1      | Reached XP level 2. HP: 25/29 MP: 2/2
   283 | D:1      | Reached XP level 3. HP: 28/35 MP: 3/3
   852 | D:1      | Reached skill level 1 in Invocations
  1061 | D:2      | Noticed Jessica
  1068 | D:2      | Reached skill level 1 in Short Blades
  1068 | D:2      | Reached skill level 1 in Long Blades
  1068 | D:2      | Reached skill level 1 in Maces & Flails
  1068 | D:2      | Reached skill level 1 in Polearms
  1068 | D:2      | Reached skill level 1 in Staves
  1068 | D:2      | Reached skill level 1 in Slings
  1068 | D:2      | Reached skill level 1 in Bows
  1068 | D:2      | Reached skill level 1 in Crossbows
  1068 | D:2      | Reached skill level 1 in Throwing
  1068 | D:2      | Reached skill level 1 in Dodging
  1068 | D:2      | Reached skill level 1 in Stealth
  1068 | D:2      | Reached skill level 1 in Unarmed Combat
  1068 | D:2      | Reached skill level 1 in Spellcasting
  1068 | D:2      | Reached skill level 1 in Evocations
  1070 | D:2      | Killed Jessica
  1070 | D:2      | Reached XP level 4. HP: 33/41 MP: 5/5
  1289 | D:2      | Found a white marble altar of Elyvilon.
  1292 | D:2      | Reached skill level 1 in Conjurations
  1292 | D:2      | Reached skill level 1 in Hexes
  1292 | D:2      | Reached skill level 1 in Charms
  1292 | D:2      | Reached skill level 1 in Summonings
  1292 | D:2      | Reached skill level 1 in Necromancy
  1292 | D:2      | Reached skill level 1 in Translocations
  1292 | D:2      | Reached skill level 1 in Transmutations
  1292 | D:2      | Reached skill level 1 in Fire Magic
  1292 | D:2      | Reached skill level 1 in Ice Magic
  1292 | D:2      | Reached skill level 1 in Air Magic
  1292 | D:2      | Reached skill level 1 in Earth Magic
  1292 | D:2      | Reached skill level 1 in Poison Magic
  1710 | D:3      | Reached XP level 5. HP: 47/47 MP: 6/6
  2384 | D:4      | Noticed Menkaure
  2392 | D:4      | Killed Menkaure
  2392 | D:4      | Reached XP level 6. HP: 25/53 MP: 8/8
  2402 | D:4      | Noticed Edmund
  2567 | D:3      | Killed Edmund
  2567 | D:3      | Reached skill level 5 in Axes
  2607 | D:4      | Reached XP level 7. HP: 46/59 MP: 10/10
  2959 | D:4      | Found Tazid's Magic Scroll Emporium.
  2964 | D:4      | Bought a scroll of enchant armour for 82 gold pieces
  2964 | D:4      | Bought a scroll of noise for 11 gold pieces
  2964 | D:4      | Bought a scroll of enchant weapon for 82 gold pieces
  3503 | D:4      | Reached XP level 8. HP: 67/67 MP: 12/12
  3858 | D:4      | Noticed Ijyb
  3892 | D:4      | Killed Ijyb
  3978 | D:5      | Entered Level 5 of the Dungeon
  3989 | D:5      | Noticed felt's ghost (novice GnSk)
  4026 | D:5      | Noticed Eustachio
  4283 | D:5      | Found a sand-covered staircase.
  4292 | Ossuary  | Entered an ossuary
  4930 | D:5      | Found a transporter.
  4934 | D:5      | Found a transporter.
  5118 | D:5      | Found a staircase to the Ecumenical Temple.
  5127 | Temple   | Entered the Ecumenical Temple
  5366 | Temple   | Became a worshipper of Warmaster Okawaru
  5448 | D:5      | Noticed Blork the orc
  5463 | D:5      | Killed Blork the orc
  5473 | D:5      | Killed Eustachio
  5993 | D:5      | Reached XP level 9. HP: 41/72 MP: 14/14
  6011 | D:5      | Killed felt's ghost
  6011 | D:5      | Reached * piety under Okawaru
  6951 | D:6      | Noticed Grinder
  6957 | D:6      | Paralysed by Grinder for 5 turns
  6964 | D:6      | Paralysed by Grinder for 7 turns
  6975 | D:6      | Killed Grinder
  7103 | D:6      | Noticed Dowan
  7105 | D:6      | Noticed Duvessa
  7115 | D:6      | Killed Duvessa
  7115 | D:6      | Reached ** piety under Okawaru
  7122 | D:6      | Killed Dowan
  7303 | D:6      | Noticed Prince Ribbit
  7559 | D:6      | Reached skill level 5 in Invocations
  7610 | D:6      | Noticed Sigmund
  7617 | D:6      | Killed Sigmund
  7781 | D:6      | Reached XP level 10. HP: 80/80 MP: 17/17
  8464 | D:8      | Noticed Psyche
  8478 | D:8      | Killed Psyche
  8727 | D:8      | Reached skill level 5 in Short Blades
  8727 | D:8      | Reached skill level 5 in Long Blades
  8727 | D:8      | Reached skill level 5 in Maces & Flails
  8727 | D:8      | Reached skill level 5 in Polearms
  8727 | D:8      | Reached skill level 5 in Staves
  8727 | D:8      | Reached skill level 5 in Slings
  8727 | D:8      | Reached skill level 5 in Bows
  8727 | D:8      | Reached skill level 5 in Crossbows
  8727 | D:8      | Reached skill level 5 in Throwing
  8727 | D:8      | Reached skill level 5 in Dodging
  8727 | D:8      | Reached skill level 5 in Stealth
  8727 | D:8      | Reached skill level 5 in Unarmed Combat
  8727 | D:8      | Reached skill level 5 in Spellcasting
  8727 | D:8      | Reached skill level 5 in Evocations
  8931 | D:8      | Reached *** piety under Okawaru
  9368 | D:8      | Noticed a two-headed ogre
  9380 | D:8      | Killed a two-headed ogre
  9380 | D:8      | Reached **** piety under Okawaru
 10304 | D:9      | Found a staircase to the Lair.
 10332 | D:9      | Got a slimy buckler
 10343 | D:9      | Identified the +3 buckler of the Tarantula {rN+ MR+ Dex+4}
                  | (You found it on level 9 of the Dungeon)
 10360 | D:9      | Found a glowing golden altar of the Shining One.
 10556 | D:9      | Found Cigra's Book Shoppe.
 10655 | D:9      | Reached XP level 11. HP: 87/87 MP: 19/19
 10808 | D:9      | Noticed a two-headed ogre
 10820 | D:9      | Killed a two-headed ogre
 10820 | D:9      | Reached ***** piety under Okawaru
 11294 | D:10     | Entered Level 10 of the Dungeon
 11337 | D:10     | Received a gift from Okawaru
 11349 | D:9      | Reached skill level 5 in Conjurations
 11349 | D:9      | Reached skill level 5 in Hexes
 11349 | D:9      | Reached skill level 5 in Charms
 11349 | D:9      | Reached skill level 5 in Summonings
 11349 | D:9      | Reached skill level 5 in Necromancy
 11349 | D:9      | Reached skill level 5 in Translocations
 11349 | D:9      | Reached skill level 5 in Transmutations
 11349 | D:9      | Reached skill level 5 in Fire Magic
 11349 | D:9      | Reached skill level 5 in Ice Magic
 11349 | D:9      | Reached skill level 5 in Air Magic
 11349 | D:9      | Reached skill level 5 in Earth Magic
 11349 | D:9      | Reached skill level 5 in Poison Magic
 11769 | D:10     | Found a staircase to the Orcish Mines.
 11844 | D:10     | Found Beyppir's Gadget Shop.
 12543 | D:11     | Noticed a white ugly thing
 12549 | D:11     | Killed a white ugly thing
 12549 | D:11     | Received a gift from Okawaru
 12766 | D:11     | Noticed a cyan ugly thing
 12768 | D:11     | Noticed a white ugly thing
 12775 | D:11     | Killed a white ugly thing
 12777 | D:11     | Noticed a green ugly thing
 12780 | D:11     | Slain by a white ugly thing

Illustrated notes

Levels and vault maps discovered:
D:1:      onia_arrival_mini_spirals, layout_basic
D:2:      layout_basic, nicolae_overflow_crystal_walls, first_ration,
          minmay_misc_feat_pillars, uniq_jessica
D:3:      layout_basic
D:4:      layout_loops_ring, serial_shops, kennysheep_little_box, uniq_menkaure,
          uniq_ijyb, uniq_edmund
D:5:      layout_rooms, lemuel_temple_firewalk_b, gammafunk_ghost_arena,
          gup_ossuary_entry_pyramid, item_on_display_a, uniq_blork_the_orc,
          uniq_eustachio
D:6:      layout_loops_corners, uniq_duvessa, uniq_prince_ribbit1, uniq_sigmund,
          uniq_grinder
D:7:      layout_loops_ring, feat_on_display
D:8:      layout_loops_ring, grunt_livestock, uniq_psyche
D:9:      layout_basic, dpeg_oklobed_lair, serial_shops, shop,
          nicolae_tso_swordbearing_angel
D:10:     layout_loops_cross, orc_0_dummy, serial_shops, nicolae_shop_crystal
D:11:     layout_basic, trove_entry_hex_spiral, basic_altar,
          minmay_statue_crystal_thing
Temple:   nicolae_temple_the_god_donut

Skill      XL: |  1  2  3  4  5  6  7  8  9 10 11 |
---------------+----------------------------------+-----
Invocations    | 1 2 3 4 5 6 |  6.9
Short Blades   | 1 2 3 4 5 6 |  6.2
Long Blades    | 1 2 3 4 5 6 |  6.2
Maces & Flails | 1 2 3 4 5 6 |  6.2
Polearms       | 1 2 3 4 5 6 |  6.2
Staves         | 1 2 3 4 5 6 |  6.2
Slings         | 1 2 3 4 5 6 |  6.2
Bows           | 1 2 3 4 5 6 |  6.2
Crossbows      | 1 2 3 4 5 6 |  6.2
Throwing       | 1 2 3 4 5 6 |  6.2
Dodging        | 1 2 3 4 5 6 |  6.2
Stealth        | 1 2 3 4 5 6 |  6.2
Unarmed Combat | 1 2 3 4 5 6 |  6.2
Spellcasting   | 1 2 3 4 5 6 |  6.2
Evocations     | 1 2 3 4 5 6 |  6.2
Conjurations   | 1 2 3 4 5 |  5.2
Hexes          | 1 2 3 4 5 |  5.2
Charms         | 1 2 3 4 5 |  5.2
Summonings     | 1 2 3 4 5 |  5.2
Necromancy     | 1 2 3 4 5 |  5.2
Translocations | 1 2 3 4 5 |  5.2
Transmutations | 1 2 3 4 5 |  5.2
Fire Magic     | 1 2 3 4 5 |  5.2
Ice Magic      | 1 2 3 4 5 |  5.2
Air Magic      | 1 2 3 4 5 |  5.2
Earth Magic    | 1 2 3 4 5 |  5.2
Poison Magic   | 1 2 3 4 5 |  5.2
Axes           | 5 6 7 |  7.8
Fighting       | 7 8 9 |  9.1
Armour         | 7 8 9 |  9.1
Shields        | 7 8 9 |  9.1

Action                   |  1- 3 |  4- 6 |  7- 9 | 10-12 || total
-------------------------+-------+-------+-------+-------++-------
Melee: War axe           |    83 |    87 |   440 |   300 ||   910
       Bite              |     8 |    10 |    62 |    38 ||   118
Throw: Boomerang         |       |     7 |     9 |    43 ||    59
Evoke: Wand              |       |       |     1 |     7 ||     8
  Use: Scroll            |     2 |     6 |    14 |     7 ||    29
       Potion            |       |     1 |     2 |       ||     3
 Stab: Sleeping          |       |       |     2 |     3 ||     5
       Paralysed         |       |       |       |     8 ||     8
       Distracted        |       |       |       |     1 ||     1
  Eat: Chunk             |     1 |     4 |    11 |     8 ||    24
       Ration            |       |       |     2 |     3 ||     5
Armor: Scale mail        |    42 |    33 |   123 |    97 ||   295
Dodge: Dodged            |    34 |    29 |   130 |   155 ||   348
Block: Kite shield       |    53 |    40 |   221 |    87 ||   401
       Buckler           |       |       |       |    81 ||    81

Table legend:
 A = Non-vault XP
 B = Vault XP
 C = Vault XP percentage of total XP
 D = Non-vault monster count
 E = Vault monster count
 F = Vault count percentage of total count
                 A         B        C        D         E       F
            +---------+---------+-------+---------+---------+-------
      Total |   10451 |    3622 |  25.7 |     213 |      71 |  25.0
            +---------+---------+-------+---------+---------+-------
        D:1 |      60 |       0 |   0.0 |      31 |       0 |   0.0
        D:2 |      56 |      37 |  39.8 |      19 |       1 |   5.0
        D:3 |      61 |     162 |  72.6 |      23 |       1 |   4.2
        D:4 |     685 |     178 |  20.6 |      23 |       2 |   8.0
        D:5 |     593 |     947 |  61.5 |      25 |       8 |  24.2
        D:6 |     996 |     766 |  43.5 |      24 |       4 |  14.3
        D:7 |     450 |       0 |   0.0 |       9 |       0 |   0.0
        D:8 |    2202 |    1407 |  39.0 |      21 |       6 |  22.2
        D:9 |    2037 |       0 |   0.0 |      19 |       0 |   0.0
       D:10 |    2016 |       0 |   0.0 |      14 |       0 |   0.0
       D:11 |    1295 |       0 |   0.0 |       5 |       0 |   0.0
    Ossuary |       0 |     125 | 100.0 |       0 |      49 | 100.0
            +---------+---------+-------+---------+---------+-------
